 Dungeon Crawl Stone Soup version 0.27.1-33-g824d729ab1 (webtiles) character file.

Game seed: 15069526762493169845

18841 pkoi the Martial Artist (level 12, -7/101 HPs)
             Began as a Green Draconian Monk on Nov 28, 2021.
             Was a High Priest of Makhleb.
             Mangled by a four-headed hydra (11 damage)
             ... on level 1 of the Lair of Beasts.
             The game lasted 00:21:32 (15410 turns).

pkoi the Martial Artist (Green Draconian Monk)     Turns: 15410, Time: 00:21:32

Health: -7/101     AC: 16    Str: 15    XL:     12   Next: 31%
Magic:  18/18      EV: 20    Int: 14    God:    Makhleb [*****.]
Gold:   834        SH:  0    Dex: 16    Spells: 12/19 levels left

rFire    . . .     SeeInvis .     - Unarmed
rCold    + . .     Faith    .   (no shield)
rNeg     . . .     Spirit   .   (armour unavailable)
rPois    +         Reflect  .   (helmet restricted)
rElec    .         Harm     .   t - +0 cloak
rCorr    +         Rampage  .   v - +0 pair of gloves
Will     .....                  d - +1 pair of boots
Stlth    ++........             (no amulet)
HPRegen  0.26/turn              j - +4 ring of evasion
MPRegen  0.16/turn              I - ring of Ucka {rC+ rCorr AC+4 Str+2}

@: hasted, studying Unarmed Combat, very quick
A: breathe noxious fumes, AC +8, unfitting armour, poison resistance,
cold-blooded
a: Breathe Noxious Fumes, Renounce Religion, Minor Destruction, Lesser Servant
of Makhleb, Major Destruction, Greater Servant of Makhleb


You were on level 1 of the Lair of Beasts.
You worshipped Makhleb.
Makhleb was extremely pleased with you.
You visited 3 branches of the dungeon, and saw 13 of its levels.
You also visited: Ossuary and Volcano.

You collected 834 gold pieces.

Inventory:

Hand Weapons
 h - a +2 whip of venom
 k - a +1 dagger of draining
Missiles
 g - 12 javelins
 z - 5 curare-tipped darts
Armour
 d - a +1 pair of boots (worn)
 t - a +0 cloak (worn)
 v - a +0 pair of gloves (worn)
Jewellery
 j - a +4 ring of evasion (left hand)
 s - a +6 ring of dexterity
 u - a ring of resist corrosion
 E - an amulet of the acrobat
 H - a ring of protection from cold
 I - the ring of Ucka (right hand) {rC+ rCorr AC+4 Str+2}
   (You found it on level 1 of the Lair of Beasts)

   [ring of protection]

   AC:        It affects your AC (+4).
   Str:       It affects your strength (+2).
   rC:        It protects you from cold.
   rCorr:     It protects you from acid and corrosion.
Wands
 l - a wand of charming (7)
 x - a wand of iceblast (10)
 J - a wand of paralysis (5)
Scrolls
 n - 2 scrolls of enchant weapon
 p - 7 scrolls of teleportation
 y - 2 scrolls of magic mapping
 A - 2 scrolls of fear
 B - 3 scrolls of fog
 F - a scroll of enchant armour
 G - 3 scrolls of blinking
 K - a scroll of acquirement
Potions
 a - 5 potions of curing
 b - 6 potions of heal wounds
 c - 2 potions of lignification
 e - 3 potions of haste
 f - 6 potions of attraction {unknown}
 i - a potion of invisibility
 m - a potion of degeneration {unknown}
 o - 2 potions of flight {unknown}
 q - 3 potions of magic {unknown}
 r - 2 potions of ambrosia {unknown}
 w - a potion of cancellation
 C - 2 potions of brilliance
 D - 2 potions of berserk rage {unknown}
 L - 2 potions of experience {unknown}


   Skills:
 + Level 7.8 Fighting
 + Level 7.5 Dodging
 - Level 1.7 Stealth
 + Level 12.4 Unarmed Combat
 - Level 4.0 Spellcasting
 - Level 4.0 Translocations
 + Level 11.9 Transmutations
 - Level 7.1 Invocations


You had 12 spell levels left.
You knew the following spells:

 Your Spells              Type           Power      Damage    Failure   Level
a - Blade Hands           Tmut           18%        N/A       4%          5
b - Blink                 Tloc           N/A        N/A       5%          2

Your spell library contained the following spells:

 Spells                   Type           Power      Damage    Failure   Level
 Lesser Beckoning         Tloc           7%         N/A       11%         3
 Irradiate                Conj/Tmut      9%         3d17      43%         5
 Manifold Assault         Tloc           14%        N/A       71%         5
 Dragon Form              Tmut           18%        N/A       77%         7
 Iskenderun's Battlesphe  Conj           2%         2d6       99%         5
 Iron Shot                Conj/Erth      1%         9d1       100%        6
 Spellforged Servitor     Conj/Summ      1%         N/A       100%        7


Dungeon Overview and Level Annotations

Branches:
Dungeon (11/15)            Temple (1/1) D:4            Lair (1/6) D:10
    Orc (0/2) D:9         Ossuary (visited)         Volcano (visited)

Altars:
Ashenzari
Cheibriados
Dithmenos
Elyvilon
Fedhas
Gozag
Hepliaklqana
Kikubaaqudgha
Makhleb
Nemelex Xobeh
Okawaru
Qazlal
Ru
Sif Muna
Trog
Uskayaw
Vehumet
Wu Jian
Xom
Yredelemnul
Zin
The Shining One

Shops:
D:6 (   D:9 *

Annotations:
D:5 1 runed translucent door, Karin's ghost, novice DjAE
D:7 exclusion: upstairs


Innate Abilities, Weirdness & Mutations

You can breathe blasts of noxious fumes.
Your lurid green scales are hard. (AC +8)
You cannot fit into any form of body armour.
Your system is resistant to poisons. (rPois)
You are cold-blooded and may be slowed by cold attacks.


Message History

The four-headed hydra bites you.
The four-headed hydra completely misses you.
The four-headed hydra bites you.
* * * LOW HITPOINT WARNING * * *
You barely miss the four-headed hydra.
The four-headed hydra is heavily wounded.
The four-headed hydra bites you.
* * * LOW HITPOINT WARNING * * *
The four-headed hydra bites you!
* * * LOW HITPOINT WARNING * * *
The four-headed hydra bites you.
* * * LOW HITPOINT WARNING * * *
The four-headed hydra closely misses you.
You punch the four-headed hydra!
The four-headed hydra is severely wounded.
The four-headed hydra bites you but does no damage. x2
The four-headed hydra misses you.
The four-headed hydra closely misses you.
Unknown command.
There is an open door here.
It was a potion of curing.
You feel better. The four-headed hydra bites you!
* * * LOW HITPOINT WARNING * * *
The four-headed hydra bites you but does no damage.
The four-headed hydra bites you!
* * * LOW HITPOINT WARNING * * *
The four-headed hydra misses you.
You feel yourself speed up. The four-headed hydra bites you.
* * * LOW HITPOINT WARNING * * *
The four-headed hydra closely misses you.
The four-headed hydra bites you!
* * * LOW HITPOINT WARNING * * *
The four-headed hydra closely misses you.
You hit the four-headed hydra. You tail-slap the four-headed hydra.
The four-headed hydra is severely wounded.
You punch the four-headed hydra!
The four-headed hydra is almost dead.
The four-headed hydra bites you but does no damage.
The four-headed hydra closely misses you.
The four-headed hydra bites you!
You die...

****#≈≈≈≈≈≈≈≈.≈≈≈≈≈P.....
#,,#....P≈≈≈.≈≈≈≈≈≈.....
#[,#....≈≈≈..≈≈≈≈≈≈≈P...
#.########....≈≈≈≈≈≈P...
#....≈≈#≈≈#≈...≈≈≈≈≈≈P..
#≈≈P.≈≈#≈†#.≈≈.P≈≈≈≈≈P..
#PP≈P..#≈###+#.P≈≈≈≈≈≈..
#.≈≈..≈#.≈#≈,#...≈≈≈≈≈P#
#≈P≈≈.D@≈≈+≈≈#≈P..≈≈≈≈.#
###########***####≈≈≈≈##
#####*


You could see a four-headed hydra.

Vanquished Creatures
  An ogre mage (Volcano)
  10 two-headed ogres
  A tengu warrior (D:9)
  A hell knight (Volcano)
  Pikel (D:7)
  A cyclops (D:11)
  A black mamba (Lair:1)
  2 cane toads (Lair:1)
  A komodo dragon (D:10)
  A hornet (D:8)
  Sigmund (D:2)
  A redback (shapeshifter) (D:9)
  A shadow (D:9)
  2 wyverns
  5 yaks
  11 vampire mosquitoes
  6 water moccasins (Lair:1)
  Duvessa (D:7)
  3 orc warriors
  An ice beast (D:7)
  4 black bears
  6 wolves (Lair:1)
  2 necrophages
  6 centaurs
  2 phantoms
  3 lemures (D:7)
  Blork the orc (D:5)
  An elf zombie (Ossuary)
  A gnoll sergeant (D:8)
  5 bullfrogs
  2 scorpions (D:5)
  A wyvern zombie (D:8)
  A water moccasin skeleton (D:7)
  A water moccasin zombie (D:5)
  Dowan (D:7)
  15 killer bees
  4 howler monkeys
  7 wights
  4 centaur zombies
  A lava snake (D:7)
  2 bullfrog zombies
  2 jellies
  Crazy Yiuf (D:4)
  7 orc priests
  5 hounds
  5 iguanas
  11 orc wizards
  4 killer bee zombies
  A hound skeleton (D:4)
  2 mummies (Ossuary)
  8 gnolls
  7 adders
  A shadow imp (D:6)
  2 ufetubi (D:5)
  An adder zombie (Ossuary)
  2 worms
  2 dart slugs
  48 orcs
  8 bats
  8 endoplasms
  2 giant cockroaches
  4 goblins
  5 hobgoblins
  3 jackals (D:3)
  2 quokkas
  7 ball pythons
  7 frilled lizards
  3 goblin zombies (Ossuary)
  9 hobgoblin zombies (Ossuary)
  A jackal zombie (Ossuary)
  9 kobolds
  10 kobold zombies (Ossuary)
  10 orc zombies (Ossuary)
  7 rats
326 creatures vanquished.

Vanquished Creatures (collateral kills)
  An orc warrior (D:8)
1 creature vanquished.

Vanquished Creatures (others)
  An orc (D:9)
  15 fungi
  23 plants
39 creatures vanquished.

Grand Total: 366 creatures vanquished

Notes
Turn   | Place    | Note
-------+----------+-------------------------------------------
     0 | D:1      | pkoi the Draconian Monk began the quest for the Orb.
     0 | D:1      | Reached XP level 1. HP: 19/19 MP: 1/1
   113 | D:1      | Reached XP level 2. HP: 22/26 MP: 2/2
   666 | D:1      | Reached skill level 4 in Unarmed Combat
  1093 | D:2      | Reached XP level 3. HP: 31/31 MP: 3/3
  1802 | D:3      | Reached XP level 4. HP: 36/36 MP: 4/4
  1834 | D:3      | Noticed Sigmund
  1843 | D:3      | Reached skill level 5 in Unarmed Combat
  2568 | D:2      | Killed Sigmund
  2569 | D:2      | Reached skill level 6 in Unarmed Combat
  2569 | D:2      | Reached XP level 5. HP: 33/45 MP: 5/5
  2569 | D:2      | Reached XP level 6. HP: 37/51 MP: 6/6
  2933 | D:3      | Reached skill level 7 in Unarmed Combat
  3168 | D:3      | Found a faded altar of an unknown god.
  3254 | D:4      | Identified a scroll of acquirement
  3254 | D:4      | Acquired a manual of Unarmed Combat
  3287 | D:4      | Found a sand-covered staircase.
  3297 | Ossuary  | Entered an ossuary
  3759 | D:4      | Your scales start taking on a lurid green colour.
  3759 | D:4      | Reached XP level 7. HP: 59/59 MP: 7/7
  3759 | D:4      | Gained mutation: Your system is resistant to poisons.
                  | (rPois) [Green Draconian growth]
  3840 | D:4      | Found a runed translucent door.
  3841 | D:4      | Noticed Crazy Yiuf
  3849 | D:4      | Killed Crazy Yiuf
  3982 | D:4      | Found a staircase to the Ecumenical Temple.
  4206 | D:4      | Found a shadowy altar of Dithmenos.
  4239 | D:4      | Reached skill level 8 in Unarmed Combat
  4514 | Temple   | Entered the Ecumenical Temple
  4648 | Temple   | Became a worshipper of Makhleb the Destroyer
  4648 | Temple   | Reached * piety under Makhleb
  4648 | Temple   | Reached ** piety under Makhleb
  5044 | D:5      | Entered Level 5 of the Dungeon
  5118 | D:5      | Reached skill level 1 in Invocations
  5314 | D:5      | Reached skill level 5 in Fighting
  5683 | D:5      | Found a broken altar of Ashenzari.
  5987 | D:5      | Reached XP level 8. HP: 68/68 MP: 9/9
  6080 | D:5      | Reached skill level 9 in Unarmed Combat
  6108 | D:5      | Noticed Blork the orc
  6118 | D:5      | Killed Blork the orc
  6538 | D:5      | Found a runed translucent door.
  6538 | D:5      | Noticed Karin's ghost (novice DjAE)
  6731 | D:6      | Found Hiasem's Antique Weapon Boutique.
  6767 | D:6      | Reached skill level 5 in Dodging
  7234 | D:6      | Reached skill level 10 in Unarmed Combat
  7532 | D:7      | Reached XP level 9. HP: 69/78 MP: 12/12
  7582 | D:7      | Noticed Dowan
  7583 | D:7      | Noticed Duvessa
  7605 | D:7      | Killed Dowan
  7617 | D:7      | Killed Duvessa
  7738 | D:6      | Noticed a rust devil
  7738 | D:6      | Noticed a rust devil
  7750 | D:7      | Reached skill level 5 in Invocations
  7792 | D:7      | Noticed Pikel
  7872 | D:7      | Killed Pikel
  7918 | D:7      | Found a snail-covered altar of Cheibriados.
  7980 | D:7      | Found a glowing silver altar of Zin.
  7989 | D:7      | Reached skill level 11 in Unarmed Combat
  7997 | D:7      | Learned a level 5 spell: Blade Hands
  8171 | D:7      | Noticed a two-headed ogre
  8316 | D:7      | Killed a two-headed ogre
  8344 | D:7      | Reached *** piety under Makhleb
  8348 | D:7      | Reached XP level 10. HP: 73/86 MP: 14/14
  8432 | D:7      | Found a hide-covered altar of Uskayaw.
  8562 | D:8      | Found a white marble altar of Elyvilon.
  8706 | D:8      | Reached skill level 1 in Spellcasting
  8946 | D:8      | Learned a level 2 spell: Blink
  9511 | D:9      | Reached skill level 1 in Translocations
  9626 | D:9      | Noticed a two-headed ogre
  9646 | D:9      | Killed a two-headed ogre
  9647 | D:9      | Reached skill level 12 in Unarmed Combat
  9952 | D:9      | Found an ornate altar of the Wu Jian Council.
 10189 | D:9      | Reached **** piety under Makhleb
 10226 | D:9      | Found Zaextym's CLEARANCE SALE! EVERYTHING MUST GO!.
 10674 | D:9      | Found a staircase to the Orcish Mines.
 10938 | D:9      | Noticed a two-headed ogre
 10951 | D:9      | Killed a two-headed ogre
 11003 | D:10     | Entered Level 10 of the Dungeon
 11027 | D:10     | Noticed a tengu warrior
 11337 | D:9      | Killed a tengu warrior
 11338 | D:9      | Reached skill level 5 in Transmutations
 11338 | D:9      | Reached XP level 11. HP: 46/92 MP: 15/17
 11671 | D:10     | Found a sacrificial altar of Ru.
 11678 | D:10     | Found an iron altar of Okawaru.
 11755 | D:10     | Noticed a two-headed ogre
 12338 | D:10     | Found a staircase to the Lair.
 13359 | D:11     | Noticed a seven-headed hydra
 13408 | D:11     | Noticed a four-headed hydra
 13442 | D:10     | Killed a two-headed ogre
 13452 | Lair:1   | Entered Level 1 of the Lair of Beasts
 13526 | Lair:1   | Found a dark tunnel.
 13544 | Lair:1   | Identified the ring of Ucka {rC+ rCorr AC+4 Str+2}
 13560 | Volcano  | Entered a volcano
 13584 | Volcano  | Noticed a two-headed ogre
 13596 | Volcano  | Killed a two-headed ogre
 13883 | Volcano  | Noticed an ogre mage
 13884 | Volcano  | Noticed a two-headed ogre
 13884 | Volcano  | Noticed a two-headed ogre
 13893 | Volcano  | Killed a two-headed ogre
 13894 | Volcano  | Reached skill level 10 in Transmutations
 13896 | Volcano  | Killed an ogre mage
 13896 | Volcano  | Reached ***** piety under Makhleb
 13898 | Volcano  | Killed a two-headed ogre
 13949 | Volcano  | Noticed a two-headed ogre
 13962 | Volcano  | Killed a two-headed ogre
 13963 | Volcano  | Reached XP level 12. HP: 61/100 MP: 18/18
 14126 | Volcano  | Noticed a two-headed ogre
 14128 | Volcano  | Noticed a two-headed ogre
 14131 | Volcano  | Killed a two-headed ogre
 14136 | Volcano  | Killed a two-headed ogre
 15393 | Lair:1   | Noticed a four-headed hydra
 15408 | Lair:1   | HP: 3/101 [four-headed hydra (10)]
 15410 | Lair:1   | Mangled by a four-headed hydra

Illustrated notes

Levels and vault maps discovered:
D:1:      saegor_arrival_simple_a, layout_basic, serial_glass, glass_columns_b,
          glass_columns_c, minmay_strange_pillars, feat_on_display,
          feat_on_display, minmay_strange_pillars
D:2:      layout_loops_ring
D:3:      layout_basic, hellmonk_ecumenical_altar_blasted, nrook_loot_triangle,
          uniq_sigmund
D:4:      layout_basic, grunt_dithmenos_smoke, minmay_temple_entry_junction_2,
          lightli_ossuary_entry_decrepit_ruins, kennysheep_generic_room_11,
          uniq_crazy_yiuf_cottage
D:5:      layout_basic, mainiacjoe_overflow_six_doors_small,
          gammafunk_ghost_grave, minmay_misc_feat_nine_boxes, uniq_blork_the_orc
D:6:      cheibrodos_iron_armory, layout_loops_ring, serial_shops, shop,
          kennysheep_small_circle
D:7:      layout_loops_ring, lemuel_doored_altar, kennysheep_mini,
          nicolae_uskayaw_suspiria, uniq_duvessa, uniq_pikel
D:8:      layout_loops_cross, elyvilon_altar_4
D:9:      layout_irregular_city, nicolae_wu_jian_wuxing_cycle,
          hiddenorc2_lemuel, nicolae_shop_clearance
D:10:     layout_roguey, mainiacjoe_overflow_catwalk_spiral,
          grunt_lair_entry_orc_guard_hut, minmay_between
D:11:     layout_long_grid
Temple:   cyrus_circular_temple
Lair:1:   cheibrodos_lair_river_kwai, layout_loops_ring, enter_volcano_1

Skill      XL: |  1  2  3  4  5  6  7  8  9 10 11 |
---------------+----------------------------------+-----
Unarmed Combat | 4 6 7 8 10 11 12 | 12.4
Dodging        | 3 4 5 6 7 |  7.5
Fighting       | 4 5 6 7 |  7.8
Invocations    | 2 4 6 7 |  7.1
Transmutations | 2 5 11 | 11.9
Spellcasting   | 4 |  4.0
Translocations | 4 |  4.0
Stealth        | |  1.7

Action                   |  1- 3 |  4- 6 |  7- 9 | 10-12 || total
-------------------------+-------+-------+-------+-------++-------
Melee: Unarmed           |    46 |   176 |   367 |   598 ||  1187
       Tailslap          |    11 |    37 |    58 |   102 ||   208
       Whip              |    68 |    70 |     4 |       ||   142
       Punch             |     2 |     5 |    19 |    42 ||    68
 Cast: Blade Hands       |       |       |       |     8 ||     8
 Abil: Breathe Noxious F |       |       |     7 |    17 ||    24
  Use: Scroll            |     2 |     2 |     9 |     6 ||    19
       Potion            |       |       |       |     2 ||     2
 Stab: Sleeping          |     2 |     5 |     5 |     2 ||    14
       Confused          |       |       |    14 |    30 ||    44
       Distracted        |       |       |       |     1 ||     1
Armor: Skin              |    37 |    53 |    84 |   150 ||   324
Dodge: Dodged            |   100 |   168 |   343 |   697 ||  1308
